 Dungeon Crawl Stone Soup version 0.29-a0-378-gc08b2e8bf8 (webtiles) character file.

Game seed: 10251031937099446565

942 Grim the Poker (level 8, -1/58 (87) HPs)
             Began as a Formicid Fighter on May 5, 2022.
             Slain by Edmund
             ... wielding a +3 flail of draining
              (11 damage)
             ... on level 3 of the Dungeon.
             The game lasted 00:08:56 (5831 turns).

Grim the Poker (Formicid Fighter)                   Turns: 5831, Time: 00:08:57

HP:   -1/58 (87)    AC: 24    Str: 22    XL:     8   Next: 34%
MP:   2/2           EV:  2    Int:  9    God:
Gold: 202           SH:  5    Dex: 10    Spells: 7/7 levels left

rFire   . . .      SeeInvis .   v - +1 spear (antimagic)
rCold   . . .      Faith    +   c - +0 buckler
rNeg    . . .      Spirit   .   (body armour currently unavailable)
rPois   +          Reflect  .   (helmet unavailable)
rElec   .          Harm     .   (cloak currently unavailable)
rCorr   .          Rampage  .   (gloves currently unavailable)
Will    .....                   (boots currently unavailable)
Stlth   +.........              f - amulet of faith
HPRegen 0.19/turn               (no ring)
MPRegen 0.08/turn               (no ring)

@: tree-form (expiring), very heavily drained
A: stationary, stasis, torment immunity, boosted hp, permanent stasis, dig
shafts and tunnels, (antennae 3), four strong arms
a: no special abilities


You were on level 3 of the Dungeon.
You were a tree.
You visited 1 branch of the dungeon, and saw 4 of its levels.

You collected 202 gold pieces.

Inventory:

Hand Weapons
 a - a +0 trident
 v - a +1 antimagic spear (weapon)
Missiles
 y - 5 boomerangs
 z - 14 poisoned darts
Armour
 b - a +0 scale mail
 c - a +0 buckler (worn)
 i - a +0 chain mail (melded)
 r - a +0 pair of gloves (melded)
Jewellery
 f - an amulet of faith (around neck)
 j - a +4 ring of protection
Wands
 x - a wand of polymorph (15)
Scrolls
 e - 3 scrolls of teleportation {unknown}
 k - a scroll of immolation {unknown}
 l - 3 scrolls of noise
 o - a scroll of blinking {unknown}
 p - a scroll of fog {unknown}
 q - 4 scrolls of fear {unknown}
 t - a scroll of acquirement {unknown}
 u - a scroll of amnesia {unknown}
 w - a scroll of enchant weapon {unknown}
Potions
 d - a potion of curing
 g - 2 potions of brilliance
 h - 2 potions of attraction
 s - a potion of invisibility {unknown}
 A - a potion of ambrosia {unknown}


   Skills:
 - Level 3.2 Fighting
 * Level 7.7 Polearms
 - Level 3.2 Armour
 + Level 7.2 Shields


You had 7 spell levels left.
You didn't know any spells.
Your spell library was empty.

Dungeon Overview and Level Annotations

Branches:
Dungeon (4/15)
 Temple: D:4-7

Altars:
Cheibriados
Elyvilon
Trog
Uskayaw

Shops:
D:3 [   D:4 [

Annotations:
D:3 Edmund
D:4 Sigmund


Innate Abilities, Weirdness & Mutations

You are a tree.
Your roots penetrate the ground, keeping you stationary.
You cannot be teleported.
You are immune to unholy pain and torment.
Your maximum health is greatly increased.
Your equipment is partially melded.
You cannot be hasted, slowed, berserked, paralysed or teleported.
You can dig through walls and to a lower floor.
((You have a pair of large antennae on your head. (SInv)))
Your four strong arms can wield two-handed weapons with a shield.


Message History

You feel drained.
* * * LOW HITPOINT WARNING * * *
Unknown command.
You hit Edmund but do no damage.
Edmund is heavily wounded.
Edmund hits you but does no damage.
You feel drained.
You barely miss Edmund.
Edmund is heavily wounded.
You closely miss Edmund.
Edmund is heavily wounded.
Edmund hits you but does no damage.
You feel drained.
You barely miss Edmund.
Edmund is heavily wounded.
Edmund hits you but does no damage.
You feel drained.
You barely miss Edmund.
Edmund is heavily wounded.
You hit Edmund but do no damage.
Edmund is heavily wounded.
Your transformation is almost over.
Edmund hits you but does no damage.
You feel drained.
You hit Edmund.
Edmund is severely wounded.
Edmund hits you but does no damage.
You feel drained.
You hit Edmund.
Edmund is severely wounded.
Edmund hits you with a +3 flail of draining.
* * * LOW HITPOINT WARNING * * *
You feel drained.
You hit Edmund.
Edmund is severely wounded.
You closely miss Edmund.
Edmund is severely wounded.
You block Edmund's attack.
You hit Edmund.
Edmund is almost dead.
Edmund hits you but does no damage.
You feel drained.
You barely miss Edmund.
Edmund is almost dead.
Edmund hits you with a +3 flail of draining!
You die...

#.............♣# #♣...[....#
...............♣♣♣...#.....#
.#..................##.....#
...##..#.##.........#####.##
##.##..#.##.#.......# #.#
#†.###.#.##.#.......# #.# ..##
#....#.##......# #.#
[..###.#....##.).>..# #.#
................♣@..# #.##
..........#.........# #..#
....................# ##.#
....(.....####......# #.#
....................######.###
..........###................#
≈≈.........##.####.####......#
≈≈≈........#..##.....##......#
∩.............#.......#......#


You could see Edmund.

Vanquished Creatures
  Grinder (D:3)
  4 kobold brigands
  An orc priest (D:4)
  Natasha (thrice) (D:3)
  2 orc wizards (D:4)
  Robin (D:3)
  2 adders
  14 gnolls (D:3)
  2 worms (D:3)
  A dart slug (D:1)
  4 orcs
  7 ball pythons
  8 endoplasms
  3 giant cockroaches
  12 goblins
  17 hobgoblins
  A jackal (D:1)
  44 kobolds
  4 quokkas
  6 frilled lizards
  5 rats
142 creatures vanquished.

Notes
Turn   | Place    | Note
-------+----------+-------------------------------------------
     0 | D:1      | Grim the Formicid Fighter began the quest for the Orb.
     0 | D:1      | Reached XP level 1. HP: 18/18 MP: 1/1
   122 | D:1      | Reached XP level 2. HP: 20/24 MP: 2/2
   297 | D:1      | Reached XP level 3. HP: 29/29 MP: 3/3
  1262 | D:2      | Reached XP level 4. HP: 30/35 MP: 4/4
  1977 | D:3      | Found a bloodstained altar of Trog.
  2082 | D:3      | Noticed Natasha
  2088 | D:3      | Killed Natasha
  2089 | D:3      | Reached XP level 5. HP: 36/41 MP: 5/5
  2132 | D:3      | Noticed a +0 hand axe
  2132 | D:3      | Noticed a +0 dagger
  2134 | D:3      | Found a hide-covered altar of Uskayaw.
  2292 | D:3      | Found Zepsopama's Antique Armour Shoppe.
  2501 | D:3      | Found a faded altar of an unknown god.
  2538 | D:3      | Noticed Robin
  2542 | D:3      | Killed Robin
  2584 | D:3      | Noticed Natasha
  2595 | D:3      | Killed Natasha
  2596 | D:3      | Reached skill level 5 in Shields
  2685 | D:3      | Noticed Natasha
  2699 | D:3      | Killed Natasha
  2817 | D:3      | Noticed Grinder
  2850 | D:3      | Killed Grinder
  2851 | D:3      | Reached skill level 5 in Polearms
  2851 | D:3      | Reached XP level 6. HP: 19/47 MP: 2/6
  2851 | D:3      | Reached XP level 7. HP: 22/52 MP: 2/7
  4430 | D:3      | Reached XP level 8. HP: 40/58 MP: 2/8
  5211 | D:4      | Found Wuduxkaf's Antique Armour Boutique.
  5382 | D:4      | Found a white marble altar of Elyvilon.
  5672 | D:4      | Found a snail-covered altar of Cheibriados.
  5683 | D:4      | Noticed Sigmund
  5795 | D:4      | Noticed Edmund
  5831 | D:3      | Slain by Edmund

Illustrated notes

Levels and vault maps discovered:
D:1:      shiori_arrival_oz, layout_loops_ring, minmay_tetromino_i2
D:2:      layout_rooms
D:3:      minmay_goblin_kobold_castle, layout_rooms, old_standard_altar,
          dancing_weapons_uskayaw, serial_shops, nicolae_shop_waterfront,
          dreamdust_ecumenical_altar_hidden_monk_grotto,
          minmay_stone_trees_small, corexii_hall_statues_t,
          chequers_serial_rivers_large_a, uniq_natasha, uniq_grinder, uniq_robin
D:4:      layout_loops_ring, mainiacjoe_overflow_brackets,
          mainiacjoe_overflow_alcove_2, amcnicky_altar_gilded, serial_shops,
          kennysheep_mini_moat, nicolae_shop_hallway_plus, minivault_27,
          minivault_5, uniq_sigmund, uniq_edmund

Skill      XL: |  1  2  3  4  5  6  7  8 |
---------------+-------------------------+-----
Shields        | 4 5 6 7 |  7.2
Polearms       | 3 4 5 7 |  7.7
Fighting       | |  3.2
Armour         | |  3.2

Action                   |  1- 3 |  4- 6 |  7- 9 || total
-------------------------+-------+-------+-------++-------
Melee: Trident           |    98 |   146 |       ||   244
       Spear             |       |    37 |   387 ||   424
       Unarmed           |       |     7 |       ||     7
 Abil: Dig               |     1 |       |       ||     1
  Use: Potion            |       |     1 |     1 ||     2
       Scroll            |       |       |     5 ||     5
Armor: Scale mail        |     8 |       |       ||     8
       Chain mail        |    21 |    74 |   198 ||   293
       Skin              |       |     2 |     8 ||    10
Dodge: Dodged            |    29 |    50 |   110 ||   189
Block: Buckler           |    16 |    31 |    99 ||   146

Table legend: (Time is in decaauts)
 A = Elapsed time spent in this place.
 B = Non-inter-level travel time spent in this place.
 C = Inter-level travel time spent in this place.
 D = Time resting spent in this place.
 E = Time spent auto-exploring this place.
 F = Levels seen in this place.
 G = Mean time per level.
                   A        B        C        D        E       F      G
               +--------+--------+--------+--------+--------+-----+--------+
         Total |   5810 |   5718 |     92 |   2090 |   2312 |   4 | 1452.5 |
       Dungeon |   5810 |   5718 |     92 |   2090 |   2312 |   4 | 1452.5 |
               +--------+--------+--------+--------+--------+-----+--------+

Top non-repeatable levels by time:
     D:3: 2504 daAuts
     D:2: 1543 daAuts
     D:1: 1264 daAuts
     D:4: 497 daAuts
